 Dungeon Crawl Stone Soup version 0.30.0-29-ga12c61a403 (webtiles) character file.

Game seed: 16481914728215254391

219 cdecastro the Changer (level 5, 0/37 HPs)
             Began as a Merfolk Transmuter on June 12, 2023.
             Slain by a two-headed ogre
             ... wielding a +0 giant club
              (14 damage)
             ... on level 3 of the Dungeon.
             The game lasted 00:12:51 (3782 turns).

cdecastro the Changer (Merfolk Transmuter)          Turns: 3782, Time: 00:12:52

Health: 0/37       AC:  3    Str: 10    XL:     5   Next: 96%
Magic:  8/8        EV: 12    Int: 15    God:
Gold:   186        SH:  0    Dex: 14    Spells: 1/8 levels left

rFire   . .          .
                       - Unarmed
rCold   . . .        (no shield)
rNeg    . . .        a - +0 robe
rPois   .            (no helmet)
rElec   .            m - +0 cloak
rCorr   .            (no gloves)
SInv    .            (no boots)
Will    .....        (no amulet)
Stlth   +            (no ring)
HPRegen 0.26/turn    (no ring)
MPRegen 0.11/turn

%: no passive effects
@: about to teleport
A: (nimble swimmer 2), mertail
a: no special abilities


You were on level 3 of the Dungeon.
You visited 1 branch of the dungeon, and saw 4 of its levels.

You collected 186 gold pieces.

Inventory:

Missiles
 j - 6 poisoned darts
 r - 6 boomerangs
Armour
 a - a +0 robe (worn)
 m - a +0 cloak (worn)
 p - a +0 leather armour
 q - a +0 ring mail
Jewellery
 k - an amulet of the acrobat
Scrolls
 c - 2 scrolls of fog
 g - a scroll of enchant weapon {unknown}
 h - a scroll of identify
 i - a scroll of butterflies {unknown}
 l - 2 scrolls of teleportation
Potions
 b - a potion of lignification
 d - 2 potions of heal wounds {unknown}
 e - 2 potions of resistance {unknown}
 f - a potion of degeneration {unknown}
 n - 3 potions of curing {unknown}
 o - a potion of cancellation {unknown}


   Skills:
 - Level 1.1 Fighting
 - Level 2.6 Dodging
 - Level 3.2 Unarmed Combat
 - Level 2.0 Spellcasting
 - Level 6.0 Transmutations
 + Level 4.0 Ice Magic


You had one spell level left.
You knew the following spells:

 Your Spells              Type           Power      Damage    Failure   Level
a - Beastly Appendage     Tmut           38%        N/A       1%          1
b - Wereblood             Tmut           19%        N/A       2%          2
c - Ice Form              Ice/Tmut       16%        N/A       28%         4

Your spell library contained the following spells:

 Spells                   Type           Power      Damage    Failure   Level
 Foxfire                  Conj/Fire      4%         2x1d4     22%         1
 Slow                     Hex            4%         N/A       22%         1
 Spider Form              Tmut/Pois      10%        N/A       19%         3
 Blink                    Tloc           2%         N/A       32%         2
 Confusing Touch          Hex            1%         N/A       54%         3
 Vampiric Draining        Necr           1%         2d6       54%         3
 Manifold Assault         Tloc           1%         N/A       91%         4
 Storm Form               Tmut/Air       5%         N/A       100%        7


Dungeon Overview and Level Annotations

Branches:
Dungeon (4/15)
 Temple: D:4-7

Altars:

Annotations:
D:2 Jessica


Innate Abilities, Weirdness & Mutations

((You are very nimble when in or above water. (Stealth+, EV+, Speed+++)))
Your lower body shifts to a powerful aquatic tail in water.


Message History

Okay, then.
Unknown command.
There is a stone staircase leading up here.
You climb upwards.
Level annotation: Jessica
There is a stone staircase leading down here.
Jessica is nearby!
Jessica is nearby!
Jessica is nearby!
Unknown command.
Okay, then.
Unknown command.
Unknown command.
(D) Dungeon
Where to? (Enter - D:3 @ (x,y), ? - help)
What level of the Dungeon? (default 1, ? - help)
There is a stone staircase leading down here.
You climb downwards.
There is a stone staircase leading up here.
There is a stone staircase leading down here.
You climb downwards.
The two-headed ogre closely misses you.
The two-headed ogre hits you with a +0 giant club!
There is a stone staircase leading up here.
Okay, then.
Unknown command.
The two-headed ogre hits you with a +0 giant club!
* * * LOW HITPOINT WARNING * * *
The two-headed ogre closely misses you.
You climb upwards.
There is a stone staircase leading down here.
Unknown command.
Unknown command.
As you read the scroll labelled JETHRIG ZITIER, it crumbles to dust.
It is a scroll of identify.
c - 2 scrolls of fog
As you read the scroll labelled IGERIT KUGUE, it crumbles to dust.
You feel strangely unstable.
It was a scroll of teleportation.
The two-headed ogre barely misses you.
The two-headed ogre hits you with a +0 giant club!
You die...

#.##.......#.....#
#.##.#.#####.....# #
#<##.#.#######.### #
#..............######
####.##......##......
#.##..###.##.#####
######.##..###.##.##### #####
##...##...............## .†..#
###.###.#@O.....#....##... ###.#
#.....#.#.##..#.#.........
###.####.#.#.#................#.#
#........##...#..###.#.#.....##.#
..#.########.##..###.#.##...###.#
###.# #..........).##...# #.#
....# #..##.##.#.####...# #).
##### #...#......# #...# ### #
########......#.### #...#


You could see a two-headed ogre.

Vanquished Creatures
  A hound (D:4)
  An orc priest (D:3)
  3 gnolls (D:4)
  4 adders (D:2)
  An ufetubus (D:4)
  A worm (D:2)
  A dart slug (D:4)
  9 orcs
  5 bats
  9 endoplasms
  3 giant cockroaches
  5 goblins
  4 hobgoblins
  3 jackals
  3 quokkas (D:2)
  5 ball pythons
  5 frilled lizards
  5 kobolds
  9 rats
77 creatures vanquished.

Notes
Turn   | Place    | Note
-------+----------+-------------------------------------------
     0 | D:1      | cdecastro the Merfolk Transmuter began the quest for the
                  | Orb.
     0 | D:1      | Reached XP level 1. HP: 15/15 MP: 3/3
    49 | D:1      | Reached skill level 3 in Transmutations
   106 | D:1      | Reached XP level 2. HP: 21/21 MP: 1/5
   222 | D:1      | Reached skill level 4 in Transmutations
   264 | D:1      | Found a faded altar of an unknown god.
   282 | D:1      | Got Plato's Tome of Momentum
   834 | D:2      | Reached XP level 3. HP: 24/26 MP: 6/6
   939 | D:2      | Learned a level 2 spell: Wereblood
   954 | D:2      | Reached skill level 5 in Transmutations
  1296 | D:2      | Reached XP level 4. HP: 22/32 MP: 7/7
  1725 | D:2      | Learned a level 4 spell: Ice Form
  1828 | D:2      | Reached skill level 6 in Transmutations
  2005 | D:2      | Noticed Jessica
  2182 | D:3      | Reached XP level 5. HP: 13/37 MP: 5/8
  3587 | D:4      | Noticed a black bear
  3690 | D:4      | Noticed a two-headed ogre
  3782 | D:3      | Slain by a two-headed ogre

Illustrated notes

Levels and vault maps discovered:
D:1:      shiori_arrival_maze, layout_basic, shapermc_ecumenical_altar_rom_forum
D:2:      minmay_chambers_of_ones, layout_loops_ring, minivault_24,
          minmay_quantized, uniq_sigmund, uniq_jessica
D:3:      layout_loops_cross
D:4:      layout_loops_ring

Skill      XL: |  1  2  3  4  5 |
---------------+----------------+-----
Transmutations | 3 4 5 6 |  6.0
Ice Magic      | 2 4 |  4.0
Fighting       | |  1.1
Dodging        | |  2.6
Unarmed Combat | |  3.2
Spellcasting   | |  2.0

Action                     |  1- 3 |  4- 6 || total
---------------------------+-------+-------++-------
  Melee: Unarmed           |    91 |   154 ||   245
         Headbutt          |    12 |    28 ||    40
         Punch             |     4 |     1 ||     5
  Throw: Dart              |       |     6 ||     6
   Cast: Beastly Appendage |    22 |    29 ||    51
         Wereblood         |       |     3 ||     3
    Use: Scroll            |       |     2 ||     2
   Stab: Sleeping          |     1 |     1 ||     2
 Armour: Robe              |    14 |    24 ||    38
  Dodge: Dodged            |    51 |   103 ||   154
